Unix NetHack Version 5.0.0-0 post-release - last build May 31 2026 23:59:36 (970b52f25bf058293b47ddfd14a1e40e571c508c,branch:main).

Game began 2026-06-07 16:54:54, ended 2026-06-09 16:07:54.

Enkindle23, chaotic female human Monk

   ------------         ---------------------------------
   |..........|         |...............................|
   |..........|        d..---------------.-----------...|
   |..........|        @|.[.((%|   |(((.-.|....|    |...|
   |........>.|       '#|.|.*.[|   |(((.|.|....|    |...|
   |......^....#########|)|.![.|   |(((.|.-....|     ...|
   -------|----       ##|.-------+-------.----------|...|
        ###           ##|.............{....|...!|%%%|...|
        #             ##|.-----|----.......|.._(|%%%|...|
        #              #|.|..|..|  |.......|....|.%!|...|
        #              #|.|..|..|  |......{|..(.|...|...|
        #              #|.-|-----+--.......--|-----|-...|
        #              #|................(.|............|
    ----.----          #|....--|----....----|---|----...|
    |.......|          #|....|..|..|....-..|..|..|  -...|
    |........          #|....|..|..-....|..|..|..|  |...|
    |....<..|          #--------------------------  -----
    ---------          ################

Enkindle23 the Initiate         St:18/02 Dx:13 Co:13 In:9 Wi:11 Ch:9  Chaotic
Dlvl:6  $:1471 HP:0(50) Pw:35(35) AC:4  Xp:7 T:1441 

Latest messages:
 You begin striking monsters with your gloved hands.
 You kill the grid bug!
 You kill the gecko!
 The dog drops an uncursed leash.
 You hear an animal carcass being offered in sacrifice.
 You see here a corroded thonged club.
 The killer bee stings!
 You miss the killer bee.
 The killer bee stings!
 The killer bee misses!
 You kill the killer bee!
 The killer bee stings!
 You kill the killer bee!
 "Hello, Enkindle23!  Welcome again to Chicoutimi's general store!"
 You hit the giant beetle!
 The giant beetle bites!
 You hit the giant beetle!
 You hit the giant beetle!
 The giant beetle bites!
 You kill the giant beetle!
 "Hello, Enkindle23!  Welcome again to Chicoutimi's general store!"
 What do you want to drop? [$a-zA-Z or ?*] ?
 What do you want to drop? [$a-zA-Z or ?*] <space>
 Never mind.
 There is a giant beetle corpse here; eat it? [ynq] (n) n
 There is a killer bee corpse here; eat it? [ynq] (n) n
 What do you want to eat? [efJK or ?*] e
 This food really hits the spot!
 You finish eating the food ration.
 Your knapsack cannot accommodate any more items.
 What do you want to drop? [$a-zA-Z or ?*] ?
 You drop a cursed opera cloak.
 D - an iron wand.
 You fail to cast the spell correctly.
 You hear some noises in the distance.
 You destroy the elf zombie!
 You hit the rope golem!
 The rope golem hits!
 The rope golem hits again!
 The rope golem grabs you!
 You cannot escape from the rope golem!
 The rope golem misses!
 The rope golem hits!
 You are being choked.
 You die...
 Do you want your possessions identified? [ynq] (y) y
 Do you want to see your attributes? [ynq] (y) y
 Do you want an account of creatures vanquished? [ynaq] (y) y
 Do you want to see your conduct and achievements? [ynq] (y) y
 Do you want to see the dungeon overview? [ynq] (y) y

Inventory:
 Coins    ('$')
  $ - 1471 gold pieces
 Weapons  (')')
  E - the rustproof +0 Magicbane
 Armor    ('[')
  a - an uncursed +2 pair of leather gloves (being worn)
  A - a cursed +0 dwarvish roundshield (being worn)
  F - an uncursed +0 cloak of magic resistance (being worn)
  b - an uncursed +1 robe
 Comestibles  ('%')
  f - 5 uncursed apples
  J - an uncursed cram ration
  e - 5 uncursed food rations
  K - 2 uncursed lizard corpses
 Scrolls  ('?')
  c - a blessed scroll of create monster
  C - a cursed scroll of destroy armor
  g - 2 cursed scrolls of earth
  m - 2 cursed scrolls of enchant armor
  B - 3 cursed scrolls of enchant weapon
  h - an uncursed scroll of fire
  M - a cursed scroll of food detection
  t - a cursed scroll of gold detection
  P - an uncursed scroll of light
  k - a cursed scroll of remove curse
  S - a blessed scroll of teleportation
  n - 2 uncursed scrolls of teleportation
 Spellbooks  ('+')
  i - a blessed spellbook of protection
 Potions  ('!')
  s - an uncursed potion of fruit juice
  d - 4 uncursed potions of healing
  p - an uncursed potion of invisibility
  U - an uncursed potion of monster detection
  j - a blessed potion of object detection
  w - an uncursed potion of object detection
  X - an uncursed potion of restore ability
  T - an uncursed potion of speed
  W - an uncursed potion of water
 Rings    ('=')
  V - a cursed ring of polymorph control
  Z - a cursed ring of teleportation
 Wands    ('/')
  Y - a cursed wand of cancellation (0:7)
  D - a wand of create monster (0:15)
  Q - a cursed wand of polymorph (0:7)
  G - a wand of secret door detection (0:15)
  O - a cursed wand of sleep (0:4)
  L - a wand of stasis (0:6)
  N - a cursed wand of stasis (0:4)
 Tools    ('(')
  l - an uncursed blindfold
  x - an expensive camera (0:89)
  R - a cursed magic lamp
  o - a magic marker (0:3)
 Gems/Stones  ('*')
  y - an uncursed chrysoberyl stone
  v - 2 uncursed worthless pieces of black glass
  H - an uncursed worthless piece of blue glass
  r - an uncursed worthless piece of orange glass
  I - 4 uncursed worthless pieces of red glass
  z - an uncursed worthless piece of violet glass
  u - an uncursed worthless piece of white glass
  q - 2 uncursed worthless pieces of yellowish brown glass

Enkindle23 the Monk's attributes:

Background:
 You were an Initiate, a level 7 female human Monk.
 You were chaotic, on a mission for Huan Ti
 who was opposed by Shan Lai Ching (lawful) and Chih Sung-tzu (neutral).
 You were right-handed.
 You were in the Gnomish Mines, on level 6.
 You entered the dungeon 1441 turns ago.
 You had 768 experience points, 512 more were needed to attain level 8.

Basics:
 You had 0 out of 50 hit points.
 You had all 35 energy points (spell power).
 Your armor class was 4.
 Your wallet contained 1471 zorkmids.
 Autopickup was off.

Final Characteristics:
 Your strength was 18/02 (limit:18/100).
 Your dexterity was 13 (limit:18).
 Your constitution was 13 (limit:18).
 Your intelligence was 9 (limit:18).
 Your wisdom was 11 (limit:18).
 Your charisma was 9 (limit:18).

Final Status:
 You were held by a rope golem (southwest).
 You weren't hungry.
 You were unencumbered.
 You were empty handed.
 You had basic skill with martial arts and could have enhanced that.

Final Attributes:
 You were devoutly aligned.
 You were magic-protected.
 You were sleep resistant.
 You were poison resistant.
 You saw invisible.
 You were warned.
 You were stealthy.
 You were warded.
 You were fast.
 You are dead.

Miscellaneous:
 You encountered 1 bones level.
 Total elapsed playing time was 1 hour, 59 minutes and 58 seconds.

Major events:
 Turn
    1: Enkindle23 the chaotic female human Monk entered the dungeon
  309: entered the Gnomish Mines
  320: attained the rank of Novice (level 3)
  737: reached Mine Town
  863: attained the rank of Initiate (level 6)
  867: found Magicbane on the floor
 1441: killed by a rope golem

Spells:
 Name                 Level Category     Fail Retention
 protection             1   clerical      97%  76%-100%

Skills:
 Fighting Skills
   martial arts       [Basic]
 Weapon Skills
   quarterstaff       [Unskilled]
   spear              [Unskilled]
   crossbow           [Unskilled]
   shuriken           [Unskilled]
 Spellcasting Skills
   attack spells      [Unskilled]
   healing spells     [Basic]
   divination spells  [Unskilled]
   enchantment spells [Unskilled]
   clerical spells    [Unskilled]
   escape spells      [Unskilled]
   matter spells      [Unskilled]

Voluntary challenges:
 Character rerolling was not enabled.
 You were vegetarian.
 You never hit with a wielded weapon.
 You never genocided any monsters.
 You never polymorphed an object.
 You never changed form.
 You used no wishes.
Achievements:
 You entered the Gnomish Mines.
 You attained the rank of Novice.
 You entered Minetown.
 You entered a shop.
 You attained the rank of Initiate.
 You entered a temple.

 The Dungeons of Doom: levels 1 to 3
    Level 1:
    Level 2:
       A fountain, a sink, a grave.
    Level 3:
       A fountain.
       Stairs down to The Gnomish Mines.
 The Gnomish Mines: levels 4 to 7
    Level 4:
    Level 5:
    Level 6: <- You were here.
       Many shops, a temple and an altar to Huan Ti, some fountains, a grave.
       Final resting place for
          you, killed by a rope golem,
          ThermoNuclear-Wiz-Elf-Fem-Cha, killed by an ape, while fainted from lack of food,
          twright0-Wiz-Elf-Fem-Cha, killed by a giant beetle.
    Level 7:


Vanquished creatures:
  2 ghosts
  a small mimic
  2 giant beetles
  a dust vortex
  a gnome mummy
 an ape
  a rope golem
  2 gnome leaders
  2 gnomish wizards
  a gray ooze
 an elf zombie
  4 giant ants
  7 dwarves
  2 rothes
  2 iguanas
  2 killer bees
  3 hobbits
  a large kobold
 14 gnomes
  a gecko
  2 kobolds
  a goblin
  2 grid bugs
  a lichen
  a kobold zombie
  2 newts
60 creatures vanquished.

No species were genocided or became extinct.

Game over:
                       ----------
                      /          \
                     /    REST    \
                    /      IN      \
                   /     PEACE      \
                  /                  \
                  |    Enkindle23    |
                  |     1471 Au      |
                  | killed by a rope |
                  |      golem       |
                  |                  |
                  |                  |
                  |       2026       |
                 *|     *  *  *      | *
        _________)/\\_//(\/(/\)/\//\/|_)_______

Goodbye Enkindle23 the Monk...

You died in The Gnomish Mines on dungeon level 6 with 4706 points,
and 1471 pieces of gold, after 1441 moves.
You were level 7 with a maximum of 50 hit points when you died.

